 Dungeon Crawl Stone Soup version 0.31.0-1-g2c135a008e (webtiles) character file.

Game seed: 17849529361473885200

91 qw the Shooter (level 4, -4/35 HPs)
             Began as a Djinni Hunter on Jan 23, 2024.
             Killed by nerve-wracking pain
             ... invoked by an orc priest
              (12 damage)
             ... on level 2 of the Dungeon.
             The game lasted 00:00:04 (1696 turns).

qw the Shooter (Djinni Hunter)                      Turns: 1696, Time: 00:00:05

Health: -4/35      AC:  9    Str: 10    XL:     4   Next: 88%
Gold:   134        EV: 11    Int: 11    God:
                   SH:  0    Dex: 18

rFire   + + .        h - +0 longbow
rCold   x . .        (shield currently unavailable)
rNeg    . . .        b - +0 ring mail {Will+}
rPois   inf          j - +2 hat
rElec   .            (no cloak)
rCorr   .            (no gloves)
SInv    +            (boots unavailable)
Will    +....        (no amulet)
Stlth   +            d - ring of see invisible
HPRegen 0.25/turn    (no ring)
MPRegen 0.00/turn

%: infuse magic (-5 HP)
@: flying
A: sickness immunity, fire resistance 2, cold vulnerability 1, float, innate
caster, HP casting, extra vitality 1, antennae 1, iridescent scales 1
a: no special abilities


You were on level 2 of the Dungeon.
You visited 1 branch of the dungeon, and saw 3 of its levels.

You collected 218 gold pieces.
You spent 84 gold pieces at shops.


Innate Abilities, Weirdness & Mutations

You are immune to sickness and miasma.
You are immune to poison.
Your flesh is very heat resistant. (rF++)
You are vulnerable to cold. (rC-)
You float through the air rather than walking.
You learn spells naturally, not from books.
Your magical power is your life essence.
You have superior vitality. (+4 MHP)
You have a pair of small antennae on your head.
You are partially covered in iridescent scales. (AC +2)


   Skills:
 - Level 3.2 Fighting
 - Level 4.0 Ranged Weapons
 + Level 0.0 Armour
 - Level 3.1 Dodging
 - Level 0.7 Stealth


You knew the following spells:

 Your Spells              Type           Power      Damage    Failure   Level
a - Freeze                Ice            0%         1d3       67%         1
Your spell library was empty.

Inventory:

Hand Weapons
 h - a +0 longbow (weapon)
Armour
 b - a +0 ring mail of willpower (worn)
 j - a +2 hat (worn)
Jewellery
 d - a ring of see invisible (left hand)
Wands
 m - a wand of iceblast (9)
Potions
 e - a potion of might
 f - 3 potions of curing
 g - a potion of invisibility {unknown}
 k - a potion of lignification {unknown}

Dungeon Overview and Level Annotations

Branches:
Dungeon (3/15)

Altars:

Shops:
D:1 !


Message History

Done exploring.
1662 ||| READING scroll labelled OTWAPN XAAR.
As you read the scroll labelled OTWAPN XAAR, it crumbles to dust.
It is a scroll of enchant armour.
1662 ||| ENCHANTING +1 hat.
Your +1 hat glows green for a while.
Done exploring.
1663 ||| READING scroll labelled OSUXZU QISCHISE.
As you read the scroll labelled OSUXZU QISCHISE, it crumbles to dust.
It is a scroll of amnesia.
You feel forgetful for a moment.
Done exploring.
What level of the Dungeon? (default 2, ? - help)
There is a stone staircase leading down here.
You fly downwards.
The orc priest shouts!
The orc wizard shouts!
The orc priest shouts!
The hobgoblin shouts!
Found a scroll of amnesia and 9 gold pieces.
There is a stone staircase leading up here.
There are monsters nearby!
Waypoint 2 assigned to D:3.
1692 ||| STAIRDANCE The orc priest invokes the aid of Beogh against you.
You resist with some effort.
The orc priest invokes the aid of Beogh against you.
Beogh smites you!
You fly upwards.
There is a stone staircase leading down here.
You shoot an arrow. The arrow hits the orc priest!
The orc priest is heavily wounded.
The orc priest hits you with a +0 dagger.
You shoot an arrow. The arrow hits the orc priest.
The orc priest is heavily wounded.
The orc priest barely misses you.
The orc priest calls down the wrath of Beogh upon you.
Beogh smites you!
You shoot an arrow.
The arrow closely misses the orc priest.
The orc priest closely misses you.
The orc priest mumbles some strange prayers to Beogh against you.
Pain shoots through your body!
You die...

#.#.# ####........ #.#.#
#.####### #.#.# #.# #.#.##
#.# #....# #.#
###########..## ###.#
#.............# #...#
#.#########...# #%### #<#
#.@.# #.# #.# #o..# #># #.#
#####...#####.# ##### #.#
###.............# #...# #.#
#.............### #....
#.###.#.#.#.#.###.#######...#
#................#.....###.##
####....#..######.####.# #.#
#..#.#....####.####.###.##


You could see an orc priest.

Vanquished Creatures
  5 adders (D:2)
  3 dart slugs
  4 endoplasms
  4 giant cockroaches
  2 goblins
  3 hobgoblins (D:1)
  4 quokkas (D:1)
  3 ball pythons
  2 bats (D:2)
  3 frilled lizards
  2 kobolds
  6 rats
41 creatures vanquished.

Notes
Turn   | Place    | Note
-------+----------+-------------------------------------------
     0 | D:1      | qw the Djinni Hunter began the quest for the Orb.
     0 | D:1      | Reached XP level 1. HP: 18/18 MP: 0/0
     0 | D:1      | 0 ||| qw: Version: 0.3-a-134-g2ba4250
     0 | D:1      | 0 ||| qw: Game counter: 755
     0 | D:1      | 0 ||| qw: Melee chars always use a shield: true
     0 | D:1      | 0 ||| qw: God list: Okawaru
     0 | D:1      | 0 ||| qw: Allow faded altars: false
     0 | D:1      | 0 ||| qw: Do Orc after clearing Dungeon:15 true
     0 | D:1      | 0 ||| qw: Do second Lair branch before Depths: true
     0 | D:1      | 0 ||| qw: Lair rune preference: random
     0 | D:1      | 0 ||| qw: Goals: Normal
     0 | D:1      | 0 ||| PLANNING D:1-11
   129 | D:1      | Reached XP level 2. HP: 23/23 MP: 0/0
   521 | D:1      | 521 ||| SWAPPING to +0 longbow.
   523 | D:1      | Reached XP level 3. HP: 28/28 MP: 0/0
   523 | D:1      | Learned a level 1 spell: Freeze
   523 | D:1      | 523 ||| DROPPING +0 shortbow.
   533 | D:1      | Reached skill level 4 in Ranged Weapons
   862 | D:1      | Found Myemej's Distillery.
   868 | D:1      | 868 ||| SHOPLISTING 2 potions of enlightenment (140 gold,
                  | have 93).
   868 | D:1      | 868 ||| SHOPLISTING potion of cancellation (112 gold, have
                  | 93).
   868 | D:1      | 868 ||| BUYING potion of curing (42 gold).
   868 | D:1      | Bought a potion of curing for 42 gold pieces
   868 | D:1      | 868 ||| BUYING potion of curing (42 gold).
   868 | D:1      | Bought a potion of curing for 42 gold pieces
   868 | D:1      | 868 ||| SHOPLISTING potion of curing (42 gold, have 9).
   868 | D:1      | 868 ||| SHOPLISTING potion of heal wounds (70 gold, have
                  | 9).
   868 | D:1      | 868 ||| SHOPLISTING potion of might (56 gold, have 9).
   868 | D:1      | 868 ||| SHOPLISTING potion of mutation (112 gold, have 9).
   868 | D:1      | 868 ||| UPGRADING to ring of see invisible.
   869 | D:1      | 869 ||| READING scroll labelled ZACAPT RU XOJ.
   870 | D:1      | 870 ||| READING scroll labelled QYJYES UDDOS.
   871 | D:1      | 871 ||| DROPPING scroll of butterflies.
   919 | D:2      | 919 ||| STAIRDANCE
  1024 | D:2      | Reached XP level 4. HP: 34/34 MP: 0/0
  1035 | D:2      | Reached skill level 3 in Fighting
  1372 | D:2      | Reached skill level 3 in Dodging
  1582 | D:2      | 1582 ||| UPGRADING to +0 ring mail of willpower.
  1592 | D:2      | 1592 ||| DROPPING +0 leather armour.
  1593 | D:2      | 1593 ||| UPGRADING to +1 hat.
  1598 | D:2      | 1598 ||| READING 2 scrolls labelled ILUECO QENEH.
  1598 | D:2      | 1598 ||| IDENTIFYING emerald potion
  1599 | D:2      | 1599 ||| DRINKING potion of mutation.
  1599 | D:2      | Gained mutation: You have a pair of small antennae on your
                  | head. [potion of mutation]
  1599 | D:2      | Gained mutation: You are partially covered in iridescent
                  | scales. (AC +2) [potion of mutation]
  1600 | D:2      | 1600 ||| READING scroll of identify.
  1600 | D:2      | 1600 ||| IDENTIFYING murky golden potion
  1601 | D:2      | 1601 ||| READING scroll labelled NOEVEI OKAEXINK.
  1662 | D:2      | 1662 ||| READING scroll labelled OTWAPN XAAR.
  1662 | D:2      | 1662 ||| ENCHANTING +1 hat.
  1663 | D:2      | 1663 ||| READING scroll labelled OSUXZU QISCHISE.
  1692 | D:3      | 1692 ||| STAIRDANCE
  1695 | D:2      | HP: 8/35 [orc priest/divine providence (12)]
  1696 | D:2      | Killed from afar by an orc priest

Levels and vault maps discovered:
D:1:      tarquinn_simple_flora_water_e, layout_loops_ring, serial_shops,
          nicolae_shop_just_a_little_nook, minmay_close_crescents
D:2:      layout_loops_ring
D:3:      layout_basic, corexii_leaking_fountain

Skill      XL: |  1  2  3  4 |
---------------+-------------+-----
Ranged Weapons | 4 |  4.0
Fighting       | 3 |  3.2
Dodging        | 3 |  3.1
Stealth        | |  0.7

Action                     |  1- 3 |  4- 6 || total
---------------------------+-------+-------++-------
   Fire: Shortbow          |    42 |       ||    42
         Longbow           |    23 |    36 ||    59
    Use: Scroll            |     2 |     5 ||     7
         Potion            |       |     1 ||     1
 Armour: Leather armour    |    17 |    14 ||    31
         Ring mail         |       |     1 ||     1
  Dodge: Dodged            |    27 |    10 ||    37

Table legend:
 A = Non-vault XP
 B = Vault XP
 C = Vault XP percentage of total XP
 D = Non-vault monster count
 E = Vault monster count
 F = Vault count percentage of total count
                 A         B        C        D         E       F
            +---------+---------+-------+---------+---------+-------
      Total |     123 |       8 |   6.1 |      36 |       5 |  12.2
            +---------+---------+-------+---------+---------+-------
        D:1 |      27 |       8 |  22.9 |      15 |       5 |  25.0
        D:2 |      96 |       0 |   0.0 |      21 |       0 |   0.0
            +---------+---------+-------+---------+---------+-------
